 Dungeon Crawl Stone Soup version 0.19.1 (webtiles) character file.

2067 Gargo the Magician (level 9, -3/49 HPs)
             Began as a Gargoyle Earth Elementalist on Dec 3, 2016.
             Was a Follower of Vehumet.
             Slain by an orc warrior
             ... wielding a +0 dire flail
              (18 damage)
             ... on level 7 of the Dungeon on Dec 4, 2016.
             The game lasted 01:00:18 (7984 turns).

Gargo the Magician (Gargoyle Earth Elementalist)    Turns: 7984, Time: 01:00:19

Health: -3/49      AC: 14    Str: 11    XL:     9   Next: 26%
Magic:  2/19       EV: 12    Int: 20    God:    Vehumet [*.....]
Gold:   407        SH:  0    Dex: 10    Spells: 5 memorised, 10 levels left

rFire  + . .     SeeInvis .     a - +0 flail (protect)
rCold  . . .     Gourm    +     c - +0 robe
rNeg   + . .     Faith    .     (no shield)
rPois  ∞         Spirit   .     (no helmet)
rElec  +         Reflect  .     (no cloak)
rCorr  .         Harm     .     (no gloves)
MR     .....                    (no boots)
Stlth  ++........               z - amulet of the gourmand
                                (no ring)
                                j - ring of protection from fire

@: protection aura
A: negative energy resistance 1, electricity resistance, unbreathing,
petrification resistance, rot immunity, AC +5
a: Renounce Religion


You were on level 7 of the Dungeon.
You worshipped Vehumet.
Vehumet was aware of your devotion.
You were hungry.

You visited 2 branches of the dungeon, and saw 9 of its levels.
You also visited: Sewer and Ossuary.

You collected 407 gold pieces.

Inventory:

Hand Weapons
 a - a +0 flail of protection (weapon)
 f - a +0 whip
 o - a +2 dagger of venom
 u - a +0 blowgun
Missiles
 b - 59 stones (quivered)
 w - 13 poisoned needles
Armour
 c - a +0 robe (worn)
 h - a +0 shield
Jewellery
 j - a ring of protection from fire (left hand)
 y - a +4 amulet of reflection
 z - an amulet of the gourmand (around neck)
Wands
 t - a wand of flame (30/48)
 A - a wand of slowing (28/48)
Scrolls
 e - a scroll of enchant weapon
 i - a scroll of identify
 B - a scroll of fear
Potions
 d - 2 potions of lignification
 g - a potion of agility {unknown}
 k - 3 potions of curing
 l - a potion of invisibility {unknown}
 m - a potion of mutation {unknown}
 v - a potion of flight
Books
 n - a book of Battle

   Spells                             Type                      Level
   a - Infusion                       Charms                       1
   b - Shroud of Golubria             Charms/Translocation         2
   c - Song of Slaying                Charms                       2
   d - Spectral Weapon                Hexes/Charms                 3
   e - Regeneration                   Charms/Necromancy            3
Comestibles
 p - a beef jerky
 q - 3 fruits
 r - 3 meat rations
 s - 4 bread rations


   Skills:
 + Level 2.3 Fighting
 + Level 2.0 Maces & Flails
 + Level 2.7 Armour
 + Level 2.4 Dodging
 - Level 2.1 Stealth
 * Level 7.1 Spellcasting
 + Level 4.7 Conjurations
   Level 0.7 Transmutations
 + Level 2.6 Fire Magic
 + Level 6.9 Earth Magic
 + Level 1.8 Evocations


You had 10 spell levels left.
You knew the following spells:

 Your Spells              Type           Power        Failure   Level  Hunger
a - Sandblast             Erth           #####.       1%          1    None
b - Lee's Rapid Deconstr  Erth           #####.....   17%         5    #####..
e - Flame Tongue          Conj/Fire      ###..        2%          1    None
A - Stone Arrow           Conj/Erth      ####..       2%          3    #......
E - Throw Flame           Conj/Fire      ###...       3%          2    None


Dungeon Overview and Level Annotations

Branches:
Dungeon (8/15)             Temple (1/1) D:4
   Lair: D:8-11

Altars:
Ashenzari
Dithmenos
Elyvilon
Gozag
Hepliaklqana
Makhleb
Nemelex Xobeh
Qazlal
Ru
Sif Muna
Vehumet
Xom
Yredelemnul


Innate Abilities, Weirdness & Mutations

You are resistant to torment.
Your stone body is resilient. (AC +5)
You are immune to poison.
You resist negative energy. (rN+)
You are resistant to electric shocks. (rElec)
You can survive without breathing.
You are immune to petrification.
You are immune to rotting.


Message History

You hit the orc warrior but do no damage.
The orc warrior is almost dead.
The orc warrior hits you with a dire flail!
* * * LOW HITPOINT WARNING * * *
The orc warrior hits you but does no damage.
You are too injured to fight recklessly!
You hit the orc warrior but do no damage.
The orc warrior is almost dead.
The orc warrior barely misses you.
You barely miss the orc warrior.
The orc warrior is almost dead.
The orc warrior barely misses you.
You hit the orc warrior but do no damage.
The orc warrior is almost dead.
You are feeling hungry.
The orc warrior hits you but does no damage.
You hit the orc warrior.
The orc warrior is almost dead.
The orc warrior hits you with a dire flail!!
You die...

...).....'...............#
##########.........#######
.................####
############........# ####
#........# ...# #........#
...# #####.#### ...# #)#
##.## #@# #..# #o#
###.#### ... # #....#
....# # ##...# .....#
####..♣# ...$..# ##P).P#
.......# #♣)♣.# ........#
#♣P)♣##


You could see an orc warrior.

Vanquished Creatures
  Prince Ribbit (D:6)
  Eustachio (D:6)
  A hungry ghost (D:4)
  An orc warrior (D:5)
  An ogre (D:4)
  2 big kobolds
  4 howler monkeys
  4 crimson imps (D:5)
  2 centaur zombies (Ossuary)
  3 human zombies (Ossuary)
  A jelly (D:5)
  An orc wizard (D:5)
  A centaur skeleton (D:5)
  A gnoll shaman (D:5)
  3 hounds
  2 orc priests
  5 worker ants
  A big kobold zombie (Ossuary)
  5 mummies (Ossuary)
  A howler monkey zombie (D:5)
  10 adders
  12 gnolls
  2 river rats (Sewer)
  3 shadow imps (D:5)
  2 adder skeletons
  4 worms
  2 dart slugs
  2 leopard geckos (D:1)
  11 orcs
  9 bats
  6 giant cockroaches
  3 hobgoblins (D:1)
  5 jackals
  2 quokkas
  A ball python (D:2)
  3 frilled lizards
  9 goblins
  2 goblin zombies (Ossuary)
  27 kobolds
  A leopard gecko skeleton (D:4)
  A quokka skeleton (D:5)
  10 rats
  A spectral orc (D:2)
  2 plants (D:7)
171 creatures vanquished.

Vanquished Creatures (others)
  A kobold (D:7)
  A plant (D:7)
2 creatures vanquished.

Grand Total: 173 creatures vanquished

Notes
Turn   | Place    | Note
-------+----------+-------------------------------------------
     0 | D:1      | Gargo the Gargoyle Earth Elementalist began the quest for the Orb.
     0 | D:1      | Reached XP level 1. HP: 10/10 MP: 3/3
   490 | D:1      | Reached XP level 2. HP: 15/15 MP: 1/5
  1269 | D:2      | Reached XP level 3. HP: 10/19 MP: 1/7
  1274 | D:2      | Learned a level 3 spell: Stone Arrow
  1549 | D:2      | Reached skill level 3 in Spellcasting
  1697 | D:2      | Reached XP level 4. HP: 24/24 MP: 2/8
  1719 | D:2      | Reached skill level 1 in Conjurations
  1786 | D:2      | Found a basalt altar of Yredelemnul.
  2602 | D:3      | Reached XP level 5. HP: 28/28 MP: 7/10
  2875 | D:3      | Found a sacrificial altar of Ru.
  2976 | D:3      | Found a stormy altar of Qazlal.
  2977 | D:3      | Reached skill level 4 in Spellcasting
  3390 | D:4      | Noticed an ogre
  3591 | D:4      | Learned a level 5 spell: Lee's Rapid Deconstruction
  3625 | D:5      | Entered Level 5 of the Dungeon
  3672 | D:5      | Reached skill level 5 in Earth Magic
  3672 | D:5      | Reached XP level 6. HP: 28/32 MP: 9/12
  3891 | D:5      | Reached skill level 5 in Spellcasting
  3993 | D:5      | Reached XP level 7. HP: 36/36 MP: 10/14
  4217 | D:5      | Learned a level 1 spell: Flame Tongue
  4221 | D:5      | Found a burning altar of Makhleb.
  4397 | D:5      | Found a sand-covered staircase.
  4405 | Ossuary  | Entered an ossuary
  4507 | Ossuary  | Reached skill level 1 in Fire Magic
  4511 | Ossuary  | Learned a level 2 spell: Throw Flame
  4586 | Ossuary  | Reached skill level 6 in Spellcasting
  4739 | Ossuary  | Reached XP level 8. HP: 41/41 MP: 6/17
  5198 | D:4      | Found a staircase to the Ecumenical Temple.
  5206 | Temple   | Entered the Ecumenical Temple
  5266 | Temple   | Became a worshipper of Vehumet
  5368 | D:4      | Reached skill level 1 in Maces & Flails
  5368 | D:4      | Reached skill level 1 in Armour
  5487 | D:4      | Found a deep blue altar of Sif Muna.
  5708 | D:4      | Reached skill level 1 in Fighting
  5809 | D:4      | Found a shattered altar of Ashenzari.
  5839 | D:4      | Reached skill level 1 in Evocations
  6189 | D:6      | Noticed Eustachio
  6198 | D:6      | Noticed Prince Ribbit
  6635 | D:6      | Killed Prince Ribbit
  6635 | D:6      | Reached XP level 9. HP: 18/48 MP: 0/19
  6881 | D:6      | Killed Eustachio
  6881 | D:6      | Reached skill level 7 in Spellcasting
  6892 | D:6      | Found a glowing drain.
  6901 | Sewer    | Entered a sewer
  7103 | Sewer    | Found a white marble altar of Elyvilon.
  7478 | D:7      | Reached * piety under Vehumet
  7478 | D:7      | Offered knowledge of Shock by Vehumet.
  7984 | D:7      | Slain by an orc warrior

Skill      XL: |  1  2  3  4  5  6  7  8  9 |
---------------+----------------------------+-----
Earth Magic    | 4 5 6 |  6.9
Spellcasting   | 3 4 5 6 7 |  7.1
Conjurations   | 1 2 3 4 |  4.7
Fire Magic     | 1 2 |  2.6
Maces & Flails | 1 2 |  2.0
Armour         | 2 |  2.7
Fighting       | 1 2 |  2.3
Evocations     | 1 |  1.8
Dodging        | 2 |  2.4
Stealth        | |  2.1
Transmutations | |  0.7

Action                   |  1- 3 |  4- 6 |  7- 9 || total
-------------------------+-------+-------+-------++-------
Melee: Dagger            |    22 |    17 |    14 ||    53
       Club              |     1 |       |       ||     1
       Flail             |       |       |   168 ||   168
 Cast: Sandblast         |    56 |   115 |   187 ||   358
       Throw Flame       |       |       |    31 ||    31
       Stone Arrow       |       |       |    22 ||    22
       Flame Tongue      |       |       |    13 ||    13
Evoke: Wand              |       |       |     4 ||     4
  Use: Scroll            |       |     5 |     8 ||    13
       Potion            |       |       |     1 ||     1
 Stab: Sleeping          |     3 |     3 |     1 ||     7
  Eat: Chunk             |     3 |     7 |    12 ||    22
       Beef jerky        |       |       |     1 ||     1
Armor: Robe              |    10 |    23 |    65 ||    98
Dodge: Dodged            |    31 |    57 |   113 ||   201
Block: Other             |       |    13 |    37 ||    50
       Reflection        |       |       |     3 ||     3
